 Dungeon Crawl Stone Soup version 0.16.1-16-gc44b35d (webtiles) character file.

879 jacksonaction the Skirmisher (level 8, -3/58 HPs)
             Began as an Octopode Fighter on Apr 20, 2015.
             Slain by a gnoll
             ... wielding a cursed -2 whip
              (9 damage)
             ... on level 5 of the Dungeon.
             The game lasted 00:16:33 (4179 turns).

jacksonaction the Skirmisher (Octopode Fighter)     Turns: 4179, Time: 00:16:33

Health: -3/58      AC:  1    Str: 23    XL:     8   Next: 5%
Magic:  8/8        EV: 12    Int: 10    God:
Gold:   202        SH: 10    Dex: 11    Spells: 0 memorised, 7 levels left

rFire  . . .     SeeInvis .     a - +0 trident
rCold  . . .     Clarity  .     c - +0 shield (curse)
rNeg   . . .     SustAb   .     (helmet restricted)
rPois  .         Gourm    .     (no amulet)
rElec  .         Spirit   .     (no ring)
rCorr  .         Warding  .     (no ring)
rMut   .         Stasis   .     (no ring)
MR     .....                    (no ring)
Stlth  ++........               (no ring)
                                (no ring)
                                (no ring)
                                (no ring)

@: mighty, not resistant to hostile enchantments, unstealthy
A: almost no armour, amphibious, 8 rings, constrict 8, camouflage 1, gelatinous
body 1
a: no special abilities


You were on level 5 of the Dungeon.
You were hungry.

You visited 1 branch of the dungeon, and saw 5 of its levels.

You collected 202 gold pieces.

Inventory:

Hand weapons
 a - a +0 trident (weapon)
Missiles
 b - 79 stones
 x - 5 javelins (quivered)
 y - 4 needles of slowing
Armour
 c - a cursed +0 shield (worn)
Magical devices
 e - a wand of invisibility (4)
 u - a wand of magic darts (17)
Scrolls
 f - 3 scrolls of amnesia {unknown}
 h - 2 scrolls of remove curse {unknown}
 k - 3 scrolls of random uselessness {unknown}
 l - a scroll of fear {unknown}
 p - 3 scrolls of teleportation {unknown}
 q - 2 scrolls of enchant armour {unknown}
 r - a scroll of identify {unknown}
 t - a scroll of magic mapping {unknown}
Potions
 g - a potion of flight {unknown}
 j - a potion of cure mutation {unknown}
 m - 3 potions of curing {unknown}
 o - a potion of agility {unknown}
 v - a potion of restore abilities {unknown}
 z - a potion of poison {unknown}
Comestibles
 d - 2 bread rations
 i - a beef jerky
 n - a slice of pizza
 s - 2 chunks of flesh
 w - a meat ration


   Skills:
 * Level 6.6 Fighting
 + Level 4.1 Polearms
 + Level 5.0 Dodging
 + Level 4.5 Shields


You had 7 spell levels left.
You didn't know any spells.

Dungeon Overview and Level Annotations

Branches:
Dungeon (5/15)
 Temple: D:4-7

Altars:
Makhleb
Ru
Yredelemnul


Innate Abilities, Weirdness & Mutations

You cannot wear most types of armour.
You are amphibious.
You can wear up to eight rings at the same time.
You can use your tentacles to constrict many enemies at once.
Your skin changes colour to match your surroundings (Stealth).
Your rubbery body absorbs attacks (AC +1).


Message History

You feel very mighty all of a sudden. The centaur hits you!
* * * LOW HITPOINT WARNING * * *
The gnoll hits you with an enchanted whip.
* * * LOW HITPOINT WARNING * * *
The gnoll shouts!
You hit the centaur.
The centaur is severely wounded.
You block the centaur's attack. You block the gnoll's attack.
The gnoll hits you with an enchanted whip.
* * * LOW HITPOINT WARNING * * *
The centaur closely misses you. The gnoll barely misses you.
The gnoll closely misses you.
You puncture the centaur!
You kill the centaur!
Your Dodging skill increases to level 5!
You have reached level 8!
The gnoll closely misses you. You block the gnoll's attack.
The gnoll hits you with an enchanted whip!
You die...

+...# #...+
####+##+### #...#
#..).......
##+#...#+#.......<..
#...................
#..........?........
#..g..(.(..........%
#.)g#'##'##+####....
+..@'g....# #....
#..g#.....# #$...
......# ....+ +....
........+ ..## #....
........# ## ..#+#
........ . #+#....
#.... ...


You could see 4 gnolls.

Vanquished Creatures
  Grinder (D:4)
  Menkaure (D:4)
  An ogre (D:4)
  A centaur (D:5)
  Sigmund (D:4)
  A giant frog (D:4)
  A hound (D:3)
  A centaur skeleton (D:4)
  Ijyb (D:2)
  Jessica (D:2)
  Terence (D:3)
  5 adders
  2 giant mites
  3 worms
  An ooze (D:3)
  6 orcs
  2 bat skeletons (D:4)
  3 giant cockroaches
  14 goblins
  7 hobgoblins
  3 jackals
  4 quokkas
  2 ball pythons
  9 bats
  4 giant geckos
  A giant gecko skeleton (D:4)
  4 giant newts
  2 gnoll zombies (D:4)
  5 kobolds
  9 rats
97 creatures vanquished.

Notes
Turn   | Place    | Note
--------------------------------------------------------------
     0 | D:1      | jacksonaction, the Octopode Fighter, began the quest for the Orb.
     0 | D:1      | Reached XP level 1. HP: 16/16 MP: 1/1
   380 | D:1      | Reached XP level 2. HP: 18/21 MP: 2/2
   848 | D:1      | Reached XP level 3. HP: 13/26 MP: 3/3
  1092 | D:2      | Noticed Ijyb
  1149 | D:2      | Killed Ijyb
  1423 | D:2      | Reached XP level 4. HP: 30/33 MP: 4/4
  1556 | D:2      | Noticed Jessica
  1564 | D:2      | Killed Jessica
  1564 | D:2      | Reached skill level 4 in Fighting
  1930 | D:3      | Found a burning altar of Makhleb.
  1936 | D:3      | Reached XP level 5. HP: 25/38 MP: 5/5
  2374 | D:3      | Noticed Terence
  2575 | D:3      | Killed Terence
  3001 | D:4      | Noticed Grinder
  3024 | D:4      | Noticed Menkaure
  3036 | D:4      | Killed Menkaure
  3036 | D:4      | Reached skill level 5 in Fighting
  3036 | D:4      | Reached XP level 6. HP: 5/45 MP: 6/6
  3038 | D:4      | Paralysed by Grinder for 5 turns
  3047 | D:4      | Paralysed by Grinder for 2 turns
  3052 | D:4      | Killed Grinder
  3052 | D:4      | Reached XP level 7. HP: 6/51 MP: 7/7
  3595 | D:4      | Reached skill level 6 in Fighting
  3716 | D:4      | Found a sacrificial altar of Ru.
  3744 | D:4      | Noticed Sigmund
  3752 | D:4      | Killed Sigmund
  3894 | D:4      | Found a basalt altar of Yredelemnul.
  4156 | D:5      | Entered Level 5 of the Dungeon
  4179 | D:5      | Reached skill level 5 in Dodging
  4179 | D:5      | Reached XP level 8. HP: 6/58 MP: 8/8
  4179 | D:5      | Slain by a gnoll

Action                   |  1- 3 |  4- 6 |  7- 9 || total
-------------------------+-------+-------+-------++-------
Melee: Trident           |    71 |    98 |    71 ||   240
Throw: Stone             |    11 |    17 |    12 ||    40
       Javelin           |       |       |    28 ||    28
  Use: Potion            |     2 |     2 |     1 ||     5
 Stab: Sleeping          |     2 |     5 |     1 ||     8
  Eat: Chunk             |     2 |     5 |     3 ||    10
